 Dungeon Crawl Stone Soup version 0.22.1-6-g1668fe2 (webtiles) character file.

84 Fang the Skirmisher (level 4, -1/29 HPs)
             Began as a Gargoyle Berserker on Feb 7, 2019.
             Was a Believer of Trog.
             Slain by a gnoll
             ... wielding a +0 spear
              (6 damage)
             ... on level 2 of the Dungeon.
             The game lasted 00:01:03 (1049 turns).

Fang the Skirmisher (Gargoyle Berserker)            Turns: 1049, Time: 00:01:04

Health: -1/29      AC:  5    Str: 21    XL:     4   Next: 45%
Magic:  4/4        EV: 12    Int:  8    God:    Trog [**....]
Gold:   86         SH:  0    Dex:  9    Spells: 3/3 levels left

rFire    . . .     SeeInvis .   a - +0 hand axe
rCold    . . .     Gourm    .   (no shield)
rNeg     + . .     Faith    .   b - +0 animal skin
rPois    ∞         Spirit   .   (no helmet)
rElec    +         Reflect  .   (no cloak)
rCorr    .         Harm     .   (no gloves)
MR       .....                  (no boots)
Stlth    +.........             (no amulet)
HPRegen  0.09/turn              (no ring)
MPRegen  0.09/turn              (no ring)

@: berserk cooldown, slowed, very slow
A: negative energy resistance 1, electricity resistance, unbreathing,
petrification resistance, rot immunity, AC +3
a: Berserk, Trog's Hand, Renounce Religion


You were on level 2 of the Dungeon.
You worshipped Trog.
Trog was pleased with you.
You were hungry.

You visited 1 branch of the dungeon, and saw 2 of its levels.

You collected 86 gold pieces.

Inventory:

Hand Weapons
 a - a +0 hand axe (weapon)
Armour
 b - a +0 animal skin (worn)
Scrolls
 d - a scroll of magic mapping {unknown}
 h - a scroll of teleportation {unknown}
 i - 3 scrolls of remove curse {unknown}
 j - a scroll of fog {unknown}
 l - a scroll of fear {unknown}
 m - 2 scrolls of blinking {unknown}
 o - a scroll of identify {unknown}
 p - a scroll of enchant weapon {unknown}
 q - a scroll of amnesia {unknown}
Potions
 e - a potion of haste {unknown}
 g - a potion of might {unknown}
 k - 2 potions of ambrosia {unknown}
 n - a potion of curing {unknown}
 r - a potion of brilliance {unknown}
Comestibles
 c - 4 rations


   Skills:
 + Level 4.0 Fighting
 + Level 3.3 Axes
 + Level 3.1 Armour
 + Level 2.2 Dodging


You had 3 spell levels left.
You didn't know any spells.
Your spell library was empty.

Dungeon Overview and Level Annotations

Branches:
Dungeon (2/15)

Altars:
Qazlal


Innate Abilities, Weirdness & Mutations

You are resistant to torment.
Your stone body is resilient. (AC +3)
You are immune to poison.
You resist negative energy. (rN+)
You are resistant to electric shocks. (rElec)
You can survive without breathing.
You are immune to petrification.
You are immune to rotting.


Message History

You slash the gnoll!
You kill the gnoll!
Trog accepts your kill.
Your Fighting skill increases to level 4!
Unknown command.
You are no longer berserk.
You are exhausted.
You feel yourself slow down. The gnoll closely misses you.
You see here a club.
The gnoll hits you with a spear.
* * * LOW HITPOINT WARNING * * *
The gnoll completely misses you.
You hit the gnoll.
The gnoll is almost dead.
The gnoll hits you with a spear.
* * * LOW HITPOINT WARNING * * *
You closely miss the gnoll.
The gnoll is almost dead.
The gnoll completely misses you. The gnoll hits you with a spear.
You die...

#.............. .#
#.............# .#
..#####.###...###.#
..# #...........####
### #..............# #
# #..........# .#.# #
#.# #....$# ..<.# #
#.###...#†###..# #
#.......#g@)...#
#######.####.####.##.#
........# #.# #)#
######.## #.# #.# #.#
#.# #.. #.# #.# #..
#.. .# #..# #.. #...
#..# ##..


You could see a gnoll.

Vanquished Creatures
  3 gnolls (D:2)
  An adder (D:2)
  A worm (D:2)
  2 dart slugs (D:1)
  A leopard gecko (D:1)
  5 giant cockroaches (D:1)
  5 goblins
  5 hobgoblins
  A ball python (D:1)
  5 bats
  A frilled lizard (D:1)
  2 kobolds (D:1)
  8 rats
40 creatures vanquished.

Notes
Turn   | Place    | Note
-------+----------+-------------------------------------------
     0 | D:1      | Fang the Gargoyle Berserker began the quest for the Orb.
     0 | D:1      | Reached XP level 1. HP: 14/14 MP: 1/1
   102 | D:1      | Reached XP level 2. HP: 16/19 MP: 2/2
   455 | D:1      | Reached XP level 3. HP: 23/23 MP: 3/3
   502 | D:1      | Reached ** piety under Trog
   896 | D:2      | Found a stormy altar of Qazlal.
  1038 | D:2      | Reached XP level 4. HP: 18/29 MP: 4/4
  1045 | D:2      | Reached skill level 4 in Fighting
  1049 | D:2      | Slain by a gnoll

Skill      XL: |  1  2  3  4 |
---------------+-------------+-----
Axes           | 3 |  3.3
Dodging        | 2 |  2.2
Armour         | 3 |  3.1
Fighting       | 4 |  4.0

Action                   |  1- 3 |  4- 6 || total
-------------------------+-------+-------++-------
Melee: Hand axe          |   115 |     6 ||   121
Invok: Berserk           |     1 |       ||     1
 Stab: Sleeping          |     1 |       ||     1
  Eat: Chunk             |     1 |       ||     1
Armor: Animal skin       |    42 |       ||    42
Dodge: Dodged            |    60 |     6 ||    66
